AoeStats
← MIJO EM TI

Arena

510468133Analyzed
1v1 RM · 22h ago on Oct 1, 2026· 54m 18s· 2 players
Game mode
Random Map
Map size
Tiny (2 player)
Population
200
Speed
Normal
Resources
Standard
Victory
Conquest
Starting age
Dark Age
Ending age
Imperial Age
RankedLock teamsTeams togetherTeam positionsShared explorationLock speedFull tech treeHidden civsTurbo modeCheats
Victory
Defeat
🇺🇸 Danes · United States
921
+16
🇨🇳 Goths · China
928
-16
MIJO EM TI
12:23 Feudal Age
15:50 Castle Age
13:50 Double-Bit Axe
13:51 Horse Collar
14:07 Gold Mining
15:41 Stone Mining
16:29 Forging
17:08 Wheelbarrow
16:57 Squires
23:17 Gambesons
23:21 Arson
23:41 Scale Mail Armor
24:17 Iron Casting
34:43 Imperial Age
34:43 Ballistics
35:45 Fletching
36:56 Blast Furnace
36:27 Capped Ram
37:45 Chain Mail Armor
39:20 Elite Varangian Guard
40:12 Arrowslits
41:32 Chemistry
42:31 Plate Mail Armor
49:48 Conscription
49:58 Murder Holes
49:36 Hamask
52:10 Siege Engineers
52:37 Bodkin Arrow
AMD
9:24 Loom
11:56 Feudal Age
12:27 Double-Bit Axe
17:21 Castle Age
15:16 Horse Collar
15:47 Gold Mining
18:26 Bow Saw
19:33 Heavy Plow
19:11 Man-at-Arms
20:49 Long Swordsman
21:26 Treadmill Crane
23:18 Wheelbarrow
23:59 Forging
26:59 Iron Casting
27:30 Squires
32:53 Imperial Age
30:29 Stone Mining
31:51 Stone Shaft Mining
34:41 Chemistry
35:34 Fletching
35:43 Town Watch
35:23 Two-Handed Swordsman
36:44 Champion
38:06 Bodkin Arrow
41:45 Bracer
43:05 Two-Man Saw
44:16 Blast Furnace
43:17 Scale Mail Armor
45:50 Conscription
45:33 Anarchy
46:37 Chain Mail Armor
50:37 Bloodlines
49:48 Light Cavalry
51:29 Hussar
53:23 Scale Barding Armor
Connection lost

Rejoining the realm…

Still unreachable

The connection could not be restored.

Session expired

The server has moved on; the page needs a fresh start.